 Dungeon Crawl Stone Soup version 0.31.0-4-g52a2dc7128 (webtiles) character file.

Game seed: 3375005237499116026

113508 sasquatch the Fencer (level 16, 0/122 HPs)
             Began as a Demonspawn Gladiator on Jan 22, 2024.
             Was a Follower of Uskayaw.
             Slain by a four-headed hydra (6 damage)
             ... on level 4 of the Swamp.
             The game lasted 01:32:48 (27820 turns).

sasquatch the Fencer (Demonspawn Gladiator)        Turns: 27820, Time: 01:32:49

Health: 0/122      AC: 10    Str: 18    XL:     16   Next: 14%
Magic:  26/26      EV: 17    Int: 11    God:    Uskayaw [*.....]
Gold:   1415       SH: 15    Dex: 21    Spells: 15/15 levels left

rFire   + . .        b - +0 long sword (flame)
rCold   + + .        V - +2 buckler {rC+}
rNeg    . . .        n - +0 ring mail "Qiyta" {rPois Regen+}
rPois   +            (helmet unavailable)
rElec   .            z - +0 cloak
rCorr   .            (no gloves)
SInv    +            E - +0 pair of boots
Will    ++...        D - amulet of reflection
Stlth   +            T - ring of willpower
HPRegen 1.20/turn    M - ring of the Kissing Ancients {rF+ rC+ Str+4}
MPRegen 0.20/turn

%: reflection
@: about to teleport
A: antennae 3, foul stench 3, sharp scales 2
a: Renounce Religion, Stomp


You were on level 4 of the Swamp.
You worshipped Uskayaw.
Uskayaw was pleased with you.
You visited 6 branches of the dungeon, and saw 25 of its levels.
You also visited: Bailey.

You collected 3109 gold pieces.
You spent 1694 gold pieces at shops.

Inventory:

Hand Weapons
 a - the +6 rapier of Onnom {heavy, rF+ rC+ Str+3}
   (You found it on level 5 of the Lair of Beasts)

   Str+3:     It affects your strength (+3).
   rF+:       It protects you from fire.
   rC+:       It protects you from cold.
 b - a +0 long sword of flaming (weapon)
 k - a +1 long sword of freezing
 p - the +9 hammer "Xepum" {freeze, rElec rC+ rN+ Str+3}
   (You found it on level 5 of the Dungeon)

   Str+3:     It affects your strength (+3).
   rC+:       It protects you from cold.
   rElec:     It insulates you from electricity.
   rN+:       It protects you from negative energy.
 P - the +1 dagger of Ragnarok {freeze, rCorr Str-4 SInv Stlth+}
   (You found it on level 5 of the Lair of Beasts)

   Str-4:     It affects your strength (-4).
   SInv:      It lets you see invisible.
   rCorr:     It protects you from acid and corrosion.
   Stlth+:    It makes you more stealthy.
Missiles
 F - 4 curare-tipped darts (quivered)
 U - 3 throwing nets
Armour
 e - a +0 kite shield
 j - a +1 scale mail of cold resistance
 n - the +0 ring mail "Qiyta" (worn) {rPois Regen+}
   (You found it on level 1 of the Lair of Beasts)

   rPois:     It protects you from poison Regen+: It increases your rate of
   health regeneration.
 o - a +0 robe
 w - the +2 robe of Ocenipn {Regen+ Int+5}
   (You found it on level 5 of the Dungeon)

   Int+5:     It affects your intelligence (+5).
   Regen+:    It increases your rate of health regeneration.
 z - a +0 cloak (worn)
 E - a +0 pair of boots (worn)
 V - a +2 buckler of cold resistance (worn)
 W - a +1 buckler of protection
 Y - a scarf of invisibility
Jewellery
 u - a ring of willpower
 y - a +5 ring of evasion
 C - a +5 ring of evasion
 D - an amulet of reflection (around neck)
 M - the ring of the Kissing Ancients (right hand) {rF+ rC+ Str+4}
   (You bought it in a shop on level 5 of the Dungeon)

   [ring of protection from fire]

   Str+4:     It affects your strength (+4).
   rF+:       It protects you from fire.
   rC+:       It protects you from cold.
 T - a ring of willpower (left hand)
Wands
 s - a wand of paralysis (19)
 t - a wand of roots (14)
 B - a wand of polymorph (11)
 O - a wand of mindburst (3)
Scrolls
 c - 2 scrolls of immolation
 f - 3 scrolls of enchant weapon
 g - 9 scrolls of vulnerability
 h - 5 scrolls of teleportation
 r - a scroll of poison
 G - a scroll of silence
 I - 4 scrolls of fog
 J - 4 scrolls of amnesia
 N - a scroll of brand weapon
 R - a scroll of revelation
Potions
 d - 3 potions of brilliance
 i - 10 potions of curing
 l - 2 potions of invisibility
 m - 3 potions of haste
 q - 2 potions of lignification
 v - a potion of enlightenment
 x - 3 potions of might
 A - 2 potions of magic
 K - 2 potions of ambrosia
 L - a potion of mutation
 S - 3 potions of resistance
 X - a potion of attraction


   Skills:
 - Level 10.0 Fighting
 - Level 9.7(14.0) Short Blades
 - Level 16.0(17.0) Long Blades
 - Level 1.7 Throwing
 + Level 6.0 Armour
 - Level 10.0 Dodging
 - Level 10.6 Shields
 - Level 14.0 Invocations


You had 15 spell levels left.
You didn't know any spells.
Your spell library contained the following spells:

 Spells                   Type           Power      Damage    Failure   Level
 Apportation              Tloc           0%         N/A       56%         1
 Freeze                   Ice            0%         1d3       56%         1
 Magic Dart               Conj           0%         1d3       56%         1
 Sting                    Conj/Alch      0%         1d3       56%         1
 Blink                    Tloc           0%         N/A       71%         2
 Call Imp                 Summ           0%         N/A       71%         2
 Mercury Vapours          Alch/Air       0%         N/A       71%         2
 Scorch                   Fire           0%         2d5       71%         2
 Frozen Ramparts          Ice            0%         1d1       91%         3
 Hailstorm                Conj/Ice       0%         3d5       91%         3
 Inner Flame              Hex/Fire       0%         N/A       91%         3
 Tukima's Dance           Hex            0%         N/A       91%         3
 Volatile Blastmotes      Fire/Tloc      0%         2d10      91%         3
 Anguish                  Hex/Necr       0%         N/A       100%        4
 Cause Fear               Hex            0%         N/A       100%        4
 Dimensional Bullseye     Hex/Tloc       0%         N/A       100%        4
 Flame Wave               Conj/Fire      0%         2d4       100%        4
 Iskenderun's Mystic Bla  Conj/Tloc      0%         2d3       100%        4
 Manifold Assault         Tloc           0%         N/A       100%        4
 Olgreb's Toxic Radiance  Alch           0%         N/A       100%        4
 Sticky Flame             Fire/Alch      0%         2d4       100%        4
 Metabolic Englaciation   Hex/Ice        0%         N/A       100%        5
 Conjure Ball Lightning   Conj/Air       0%         3x3d6     100%        6
 Dispersal                Tloc           0%         N/A       100%        6
 Summon Cactus Giant      Summ           0%         N/A       100%        6
 Enfeeble                 Hex            0%         N/A       100%        7
 Malign Gateway           Summ/Tloc      0%         N/A       100%        7
 Discord                  Hex            0%         N/A       100%        8
 Disjunction              Tloc           0%         N/A       100%        8


Dungeon Overview and Level Annotations

Branches:
Dungeon (12/15)            Temple (1/1) D:6            Lair (5/5) D:8
  Swamp (4/4) Lair:3       Spider (1/4) Lair:3        Slime (0/5) Lair:5
    Orc (2/2) D:12            Elf (0/3) Orc:2        Bailey (visited)

Altars:
Ashenzari
Cheibriados
Dithmenos
Fedhas
Gozag
Hepliaklqana
Kikubaaqudgha
Makhleb
Nemelex Xobeh
Okawaru
Qazlal
Ru
Sif Muna
Trog
Uskayaw
Vehumet
Wu Jian
Xom
Yredelemnul

Shops:
D:3 *   D:5 =   D:8 *   D:10 (   Orc:2 :[*[

Annotations:
Temple 2 transporters
Lair:3 2 exclusions
Lair:5 exclusion: 2 oklob plants
Swamp:1 Jorgrun
Orc:2 3 exclusions


Innate Abilities, Weirdness & Mutations

You have a pair of large antennae on your head. (SInv)
You frequently emit foul miasma when damaged in melee.
You are mostly covered in razor-sharp scales. (AC +2, Slay +2)


Message History

The four-headed hydra looks even sicker.
The four-headed hydra bites you but does no damage.
The four-headed hydra completely misses you. x2
The four-headed hydra misses you.
The four-headed hydra is no longer moving slowly.
The four-headed hydra is engulfed in dark miasma.
The four-headed hydra attacks as it pursues you!
You block the four-headed hydra's attack.
The four-headed hydra bites you!
* * * LOW HITPOINT WARNING * * *
The four-headed hydra bites you but does no damage.
The four-headed hydra completely misses you.
The four-headed hydra is engulfed in dark miasma.
The four-headed hydra seems to slow down.
Your surroundings seem slightly different.
The four-headed hydra is no longer moving slowly.
Unknown command.
Aiming: Corrosive Bolt
Press: ? - help, Shift-Dir - straight line, f - four-headed hydra
Aim: a four-headed hydra (severely wounded, very poisoned, 90% to hit)
The bolt of acid misses the four-headed hydra.
The now-empty wand crumbles to dust.
Okay, then.
As you read the scroll of teleportation, it crumbles to dust.
You feel strangely unstable.
You block the four-headed hydra's attack. x2
The four-headed hydra bites you.
* * * LOW HITPOINT WARNING * * *
You emit a cloud of foul miasma!
The four-headed hydra bites you.
* * * LOW HITPOINT WARNING * * *
Unknown command.
You feel better.
The four-headed hydra looks more healthy.
The four-headed hydra bites you!
* * * LOW HITPOINT WARNING * * *
You emit a cloud of foul miasma!
The four-headed hydra bites you but does no damage.
The four-headed hydra barely misses you.
The four-headed hydra bites you.
You die...

♣♣♣ ♣♣ ♣♣♣~♣♣ ♣♣♣ ♣♣.♣♣♣.~.~♣
♣..♣♣..~♣....♣♣♣♣
.~.~....♣.....♣§♣♣
♣....~...~...~.♣~♣.♣...♣
♣....~.~...~..~.~...♣.♣♣
..~~......~.~.@~.♣~..~.♣
.........♣.~.DD~.♣...).♣♣
~.~...~~~.~.~..~~.~†~..~♣
~...~~.....?~...~.~....♣♣
~.~~.~.))~.~.~~~.......~♣
......~).)†........~.~§♣♣ ♣♣
..♣...~~†.).....~♣..~§♣.♣♣♣♣♣♣~
..~...~~~.~~.~..~♣~.~....~.~~..
§.~....~.~...~~.♣♣♣~..~.~~~.~.~


You could see 2 four-headed hydras.

Vanquished Creatures
  Donald (Swamp:2)
  A fenstrider witch (Swamp:3)
  An orc warlord (Orc:2)
  4 bunyips
  A dire elephant (Lair:5)
  An eleionoma (Swamp:3)
  A spark wasp (Spider:1)
  An entropy weaver (Lair:3)
  Erolcha (Orc:2)
  A vault guard (Bailey)
  A jorogumo (Spider:1)
  9 alligators
  2 catoblepae
  11 hydras
  3 boulder beetles
  4 two-headed ogres
  A deep troll shaman (Lair:5)
  6 death yaks
  A demonic crawler (Spider:1)
  Urug (D:11)
  3 orc high priests
  8 spriggans
  A skyshark (Lair:4)
  Amaemon (D:11)
  4 goliath frogs
  A pharaoh ant (Spider:1)
  4 spriggan druids
  Lodul (D:12)
  2 orb spiders
  3 swamp dragons
  4 bog bodies
  2 wolf spiders (Spider:1)
  A cyclops (D:12)
  A steelbarb worm (Spider:1)
  3 will-o-the-wisps
  6 orc sorcerers
  A moth of wrath (Spider:1)
  14 elephants
  8 black mambas
  5 kobold blastminers
  An ice statue (Lair:4)
  A gargoyle (D:11)
  18 cane toads
  A torpor snail (Lair:2)
  An unseen horror (D:11)
  An orange demon (D:11)
  The ghost of RancidPinata the Sneak, a novice OpDe of Ru (D:6)
  13 komodo dragons
  4 rime drakes
  An anaconda simulacrum (Lair:4)
  3 ice devils (Lair:4)
  4 trolls
  4 polar bears
  A tyrant leech (Swamp:1)
  7 hornets
  Grinder (D:5)
  Prince Ribbit (D:5)
  27 blink frogs
  8 dream sheep
  A jumping spider (Spider:1)
  A culicivora (Spider:1)
  Sigmund (D:4)
  A vampire (D:11)
  5 wyverns
  2 wraiths
  2 shadows
  65 yaks
  3 humans (Bailey)
  3 basilisks
  2 wargs
  3 fire bats (Orc:2)
  4 steam dragons
  5 redbacks
  6 vampire mosquitoes
  Menkaure (D:5)
  12 swamp worms
  Edmund (D:5)
  2 acid dragons
  19 water moccasins
  24 orc warriors
  2 swamp drakes
  An ice beast (D:5)
  A sky beast (D:7)
  2 black bears
  16 ogres
  26 wolves
  4 centaurs
  2 kobold brigands
  A gnoll sergeant (D:10)
  19 bullfrogs
  7 scorpions
  2 two-headed ogre simulacra (Lair:4)
  6 killer bees (D:10)
  2 electric eels (Lair:3)
  4 howler monkeys
  6 hounds
  Crazy Yiuf (D:5)
  2 bombardier beetles (D:4)
  23 orc priests
  A gnoll bouda (D:10)
  A jelly (D:5)
  3 sleepcaps
  3 iguanas
  39 orc wizards
  2 polar bear simulacra (Lair:4)
  A troll simulacrum (Lair:4)
  24 gnolls
  9 adders
  A shadow imp (D:8)
  2 white imps
  2 ufetubi (D:6)
  3 dart slugs
  60 orcs
  7 endoplasms
  6 giant cockroaches
  11 hobgoblins
  4 jackals (D:4)
  4 quokkas
  3 training dummies (D:10)
  5 ball pythons
  11 bats
  4 frilled lizards
  13 goblins
  16 kobolds
  6 rats
754 creatures vanquished.

Vanquished Creatures (others)
  2 bloated husks (Swamp:3)
  A swamp worm (Swamp:3)
  15 foxfires
18 creatures vanquished.

Grand Total: 772 creatures vanquished

Notes
Turn   | Place    | Note
-------+----------+-------------------------------------------
     0 | D:1      | sasquatch the Demonspawn Gladiator began the quest for the
                  | Orb.
     0 | D:1      | Reached XP level 1. HP: 16/16 MP: 1/1
   232 | D:1      | Reached skill level 3 in Long Blades
   295 | D:1      | Gained mutation: You may rarely emit foul miasma when
                  | damaged in melee. [demonic ancestry]
   295 | D:1      | Reached XP level 2. HP: 18/22 MP: 2/2
  1008 | D:2      | Gained mutation: You are partially covered in razor-sharp
                  | scales. (AC +1, Slay +1) [demonic ancestry]
  1008 | D:2      | Reached XP level 3. HP: 23/27 MP: 3/3
  1183 | D:2      | Reached skill level 4 in Long Blades
  1815 | D:3      | Reached XP level 4. HP: 21/33 MP: 4/4
  2151 | D:3      | Found Resy's General Store.
  2156 | D:3      | Bought a scroll of teleportation for 33 gold pieces
  2640 | D:4      | Reached skill level 5 in Long Blades
  2713 | D:4      | Reached XP level 5. HP: 38/38 MP: 5/5
  2803 | D:4      | Noticed Sigmund
  3091 | D:4      | Found a shimmering altar of Xom.
  3091 | D:4      | Found a shimmering altar of Xom.
  3093 | D:4      | Found a shimmering altar of Xom.
  3093 | D:4      | Found a shimmering altar of Xom.
  3217 | D:4      | Noticed an ogre
  3233 | D:4      | Killed an ogre
  3234 | D:4      | Reached skill level 6 in Long Blades
  3234 | D:4      | Gained mutation: You have a pair of small antennae on your
                  | head. [demonic ancestry]
  3234 | D:4      | Reached XP level 6. HP: 44/44 MP: 6/6
  3257 | D:4      | Found a hide-covered altar of Uskayaw.
  3285 | D:4      | Became a worshipper of Uskayaw the Reveller
  3291 | D:4      | Reached * piety under Uskayaw
  3569 | D:4      | Reached ** piety under Uskayaw
  3571 | D:4      | Killed Sigmund
  3571 | D:4      | Reached *** piety under Uskayaw
  3572 | D:4      | Reached skill level 7 in Long Blades
  3572 | D:4      | Reached XP level 7. HP: 50/50 MP: 7/7
  3609 | D:4      | Found a blossoming altar of Fedhas.
  3719 | D:5      | Entered Level 5 of the Dungeon
  3740 | D:5      | Found Ezuijix's Jewellery Boutique.
  3822 | D:5      | Reached skill level 8 in Long Blades
  3862 | D:5      | Noticed Edmund
  4153 | D:5      | Noticed Grinder
  4155 | D:5      | Identified the +2 robe of Ocenipn {Regen+ Int+5}
  4167 | D:5      | Killed Grinder
  4168 | D:5      | Reached skill level 9 in Long Blades
  4168 | D:5      | Gained mutation: You have a pair of antennae on your head.
                  | [demonic ancestry]
  4168 | D:5      | Reached XP level 8. HP: 34/56 MP: 4/8
  4263 | D:5      | Killed Edmund
  4315 | D:5      | Noticed Menkaure
  4324 | D:5      | Killed Menkaure
  4504 | D:5      | Noticed Prince Ribbit
  4522 | D:5      | Killed Prince Ribbit
  4523 | D:5      | Reached skill level 10 in Long Blades
  4805 | D:5      | Found a runed translucent door.
  4806 | D:5      | Noticed Crazy Yiuf
  4808 | D:5      | Identified the +9 hammer "Xepum" {freeze, rElec rC+ rN+
                  | Str+3}
  4820 | D:5      | Killed Crazy Yiuf
  5003 | D:5      | Reached skill level 11 in Long Blades
  5169 | D:6      | Found a burning altar of Makhleb.
  5173 | D:6      | Found a runed translucent gate.
  5174 | D:6      | Found a runed translucent gate.
  5175 | D:6      | Found a runed translucent gate.
  5175 | D:6      | Noticed RancidPinata's ghost (novice OpDe)
  5277 | D:6      | Reached XP level 9. HP: 61/61 MP: 9/9
  5309 | D:6      | Found a staircase to the Ecumenical Temple.
  5315 | Temple   | Found a transporter.
  5315 | Temple   | Found a transporter.
  5315 | Temple   | Found a transporter.
  5315 | Temple   | Found a transporter.
  5315 | Temple   | Entered the Ecumenical Temple
  5472 | D:6      | Reached **** piety under Uskayaw
  5499 | D:6      | Found a radiant altar of Vehumet.
  5627 | D:6      | Found a sparkling altar of Nemelex Xobeh.
  5702 | D:6      | Killed RancidPinata's ghost
  5703 | D:6      | Reached skill level 12 in Long Blades
  5748 | D:7      | Found an opulent altar of Gozag.
  5806 | D:7      | Found an iron altar of Okawaru.
  5833 | D:7      | Reached ***** piety under Uskayaw
  5858 | D:7      | Found a snail-covered altar of Cheibriados.
  6042 | D:7      | Found a flagged portal.
  6061 | Bailey   | Entered a bailey
  6123 | Bailey   | Reached skill level 13 in Long Blades
  6164 | Bailey   | Noticed a vault guard
  6173 | Bailey   | Noticed a vault guard
  6230 | Bailey   | Reached XP level 10. HP: 57/67 MP: 7/10
  6312 | Bailey   | Killed a vault guard
  6777 | D:7      | Reached skill level 14 in Long Blades
  6818 | D:8      | Reached skill level 1 in Shields
  6984 | D:5      | Bought a ring of willpower for 350 gold pieces
  7332 | D:8      | Noticed a two-headed ogre
  7344 | D:8      | Killed a two-headed ogre
  7559 | D:8      | Got the Catalogue of Fate
  7564 | D:8      | Found a staircase to the Lair.
  7597 | D:8      | Reached skill level 5 in Fighting
  7684 | D:8      | Found Humnom's Assorted Antiques.
  7885 | D:9      | Found a broken altar of Ashenzari.
  8247 | D:9      | Found a basalt altar of Yredelemnul.
  8501 | D:9      | Gained mutation: You have a pair of large antennae on your
                  | head. (SInv) [demonic ancestry]
  8501 | D:9      | Reached XP level 11. HP: 55/81 MP: 4/11
  8774 | D:5      | Bought a ring of poison resistance for 280 gold pieces
  8838 | Lair:1   | Entered Level 1 of the Lair of Beasts
  8873 | D:8      | Reached skill level 5 in Shields
  9601 | Lair:1   | Reached ****** piety under Uskayaw
  9782 | Lair:1   | Identified the +0 ring mail "Qiyta" {rPois Regen+}
 10892 | Lair:2   | Noticed a seven-headed hydra
 11066 | Lair:2   | Gained mutation: You are mostly covered in razor-sharp
                  | scales. (AC +2, Slay +2) [demonic ancestry]
 11066 | Lair:2   | Reached XP level 12. HP: 94/94 MP: 12/12
 11292 | Lair:2   | Killed a three-headed hydra
 11293 | Lair:2   | Reached skill level 15 in Long Blades
 11922 | Lair:2   | Found the +8 whip "Snakebite" {venom, curare, rPois}
 12287 | Lair:3   | Noticed a boulder beetle
 12305 | Lair:3   | Killed a boulder beetle
 12635 | Lair:3   | You fall into a shaft and drop 2 floors!
 12635 | Lair:5   | Entered Level 5 of the Lair of Beasts
 12714 | Lair:5   | Reached skill level 10 in Fighting
 12815 | Lair:5   | Identified the +1 dagger of Ragnarok {freeze, rCorr Str-4
                  | SInv Stlth+}
 13193 | Lair:3   | Found a hole to the Spider Nest.
 13582 | Lair:3   | Gained mutation: You sometimes emit foul miasma when
                  | damaged in melee. [demonic ancestry]
 13582 | Lair:3   | Reached XP level 13. HP: 103/103 MP: 13/13
 14267 | Lair:4   | Reached skill level 16 in Long Blades
 14569 | Lair:4   | Reached skill level 10 in Shields
 14571 | Lair:4   | Reached skill level 5 in Dodging
 14616 | Lair:4   | Reached skill level 1 in Invocations
 15202 | Lair:4   | Reached skill level 5 in Invocations
 15902 | Lair:4   | Identified the +1 hand axe "Tumegig" {flame, rF- MP+9 SInv}
 16478 | Lair:5   | Gained mutation: You frequently emit foul miasma when
                  | damaged in melee. [demonic ancestry]
 16478 | Lair:5   | Reached XP level 14. HP: 109/110 MP: 20/20
 16923 | Lair:5   | Reached skill level 10 in Invocations
 17052 | Lair:5   | Got the Reference Book on Places
 17469 | Lair:5   | Identified the +6 rapier of Onnom {heavy, rF+ rC+ Str+3}
 17808 | Lair:5   | Found a staircase to the Slime Pits.
 17934 | D:10     | Entered Level 10 of the Dungeon
 17979 | D:10     | Found a shimmering blue altar of Sif Muna.
 18024 | D:10     | Found an ancient bone altar of Kikubaaqudgha.
 18043 | D:10     | Found Iqabogi's Firing Range.
 18051 | D:10     | Bought a throwing net for 48 gold pieces
 18234 | D:10     | Found a sacrificial altar of Ru.
 18266 | D:10     | Reached skill level 1 in Short Blades
 19180 | D:11     | Noticed Urug
 19193 | D:11     | Killed Urug
 19297 | D:11     | Noticed Amaemon
 19311 | D:11     | Reached skill level 10 in Dodging
 19313 | D:11     | Killed Amaemon
 19801 | D:12     | Noticed Lodul
 19815 | D:12     | Killed Lodul
 20284 | D:12     | Found a staircase to the Orcish Mines.
 20831 | Orc:1    | Entered Level 1 of the Orcish Mines
 21384 | Orc:2    | Entered Level 2 of the Orcish Mines
 21384 | Orc:2    | Found a staircase to the Elven Halls.
 21400 | Orc:2    | Noticed an orc warlord
 21487 | Orc:2    | Killed an orc warlord
 21663 | Orc:2    | Reached XP level 15. HP: 109/111 MP: 24/24
 21670 | Orc:2    | HP: 1/111 [orc priest/divine providence (9)]
 21953 | Orc:1    | Reached skill level 5 in Short Blades
 22369 | Orc:2    | Noticed Erolcha
 22397 | Orc:2    | Killed Erolcha
 22684 | Orc:2    | Found Duxem's Assorted Antiques.
 22684 | Orc:2    | Found Esisonuk's Book Shoppe.
 22685 | Orc:2    | Found Rofif's Antique Armour Shoppe.
 22689 | Orc:2    | Found Pygouvea's Antique Armour Emporium.
 22693 | Orc:2    | Bought an embroidered scarf for 320 gold pieces
 23299 | D:5      | Bought the ring of the Kissing Ancients {rF+ rC+ Str+4} for
                  | 663 gold pieces
 23469 | Spider:1 | Entered Level 1 of the Spider Nest
 23681 | Lair:3   | HP: 3/115 [entropy weaver (15)]
 24585 | Lair:3   | Found a staircase to the Swamp.
 24603 | Swamp:1  | Entered Level 1 of the Swamp
 25138 | Swamp:1  | Noticed Jorgrun
 25144 | Swamp:1  | Reached skill level 1 in Armour
 26490 | Swamp:3  | Noticed Donald
 26500 | Swamp:2  | Killed Donald
 26752 | Swamp:3  | Noticed a fenstrider witch
 26765 | Swamp:3  | Killed a fenstrider witch
 26974 | Swamp:3  | Reached XP level 16. HP: 74/122 MP: 26/26
 27340 | Swamp:4  | Entered Level 4 of the Swamp
 27677 | Swamp:4  | Reached skill level 5 in Armour
 27819 | Swamp:4  | HP: 6/122 [four-headed hydra (6)]
 27820 | Swamp:4  | Slain by a four-headed hydra

Illustrated notes

Levels and vault maps discovered:
D:1:      matt_arrival_spirals, layout_loops_ring
D:2:      minmay_skewed_foursquare, layout_basic, kennysheep_generic_room_14
D:3:      layout_loops_ring, serial_shops, nicolae_shop_advertising_works
          [nicolae_subvault_shop_adworks]
D:4:      layout_basic, xom_redecorated, mainiacjoe_overflow_alcove_4,
          nicolae_uskayaw_dance_hall, uniq_sigmund
D:5:      layout_loops_cross, serial_shops, nicolae_stop_n_shop_2,
          chequers_serial_rivers_room_a, uniq_edmund, uniq_crazy_yiuf_cottage,
          uniq_grinder, uniq_menkaure, uniq_prince_ribbit1
D:6:      layout_rooms, mainiacjoe_overflow_concentric_impassable,
          mainiacjoe_overflow_tiny_flanked, mainiacjoe_overflow_brackets,
          nemelex_diamond_rough_becter, temple_green, ebering_ghost_rock_garden
D:7:      layout_loops_ring, mainiacjoe_overflow_24_doors, lemuel_round_altar,
          kennysheep_slug_shrine, enter_bailey_5
D:8:      layout_basic, grunt_lair_entry_orc_guard_hut, serial_shops,
          nicolae_shop_statue_plus
D:9:      layout_loops_ring, amcnicky_altar_gilded, evilmike_ruin_ashenzari
D:10:     layout_basic, nicolae_sif_muna_little_library,
          nicolae_ru_the_path_less_chosen, mainiacjoe_overflow_alcove_2,
          minmay_hedge_maze, nicolae_shop_firing_range
D:11:     layout_rooms, roderic_roman_lattice, uniq_urug, uniq_amaemon
D:12:     layout_layer_cave, orc_0_dummy, grunt_ministairs_5, uniq_lodul
Temple:   hellmonk_temple_divided_pantheon
Lair:1:   layout_regular_city
Lair:2:   minmay_guarded_unrand_snakebite, layout_cave_pods, beast_lair_carwin_7
Lair:3:   layout_layer_cave, nicolae_swamp_entry_splash_gauntlet,
          nicolae_spider_entry_orb_guardian, lemuel_fruit_tree,
          grunt_megastairs_3
Lair:4:   dreamdust_isle_of_ice, layout_loops_ring,
          chequers_serial_rivers_small_b, dreamdust_mushroom_princess,
          minmay_shattered_shrine
Lair:5:   grunt_lair_end_beastmaster, layout_gridlike,
          minmay_slime_entry_oklob_enclosed, grunt_megastairs_5,
          serial_bayou_shore_a
Swamp:1:  layout_basic_swamp, evilmike_swamp_ruin_rubble_2, uniq_jorgrun
Swamp:2:  layout_basic_swamp, evilmike_swamp_ruin_house_4, swamp_pool_4,
          nicolae_swamp_triple_paths, nicolae_swamp_reclaimed_castle,
          infiniplex_staircase_pool
Swamp:3:  layout_basic_swamp, evilmike_swamp_ruin_house_2, uniq_donald
Swamp:4:  swamp_basic_johnstein, layout_basic_swamp, swamp_pool_1_2, uniq_aizul
Spider:1: layout_chambers
Orc:1:    layout_caves, basic_altar, nicolae_orc_minecarts
Orc:2:    st_orc_mages, layout_caves, nicolae_volcano_entry_batcave,
          blackcustard_mines_bat_river, uniq_erolcha

Skill      XL: |  1  2  3  4  5  6  7  8  9 10 11 12 13 14 15 16 |
---------------+-------------------------------------------------+-----
Long Blades    | 3 4 5 6 7 9 11 13 14 15 16 | 16.0
Shields        | 4 7 9 10 | 10.6
Fighting       | 5 8 10 | 10.0
Dodging        | 3 8 10 | 10.0
Invocations    | 8 12 14 | 14.0
Short Blades   | 4 9 |  9.7
Armour         | 4 6 |  6.0
Throwing       | |  1.7

Action                     |  1- 3 |  4- 6 |  7- 9 | 10-12 | 13-15 | 16-18 || total
---------------------------+-------+-------+-------+-------+-------+-------++-------
  Melee: Long sword        |    32 |       |     2 |    17 |   788 |     5 ||   844
         Short sword       |    86 |   142 |   112 |  1140 |       |       ||  1480
         Punch             |       |     1 |     2 |       |       |       ||     3
         Mace              |       |       |   190 |    76 |       |       ||   266
         Rapier            |       |       |       |       |   889 |    60 ||   949
         Dagger            |       |       |       |       |   147 |       ||   147
  Throw: Throwing net      |       |     5 |     9 |     3 |       |       ||    17
         Dart              |       |       |     3 |     5 |     2 |       ||    10
         Javelin           |       |       |     1 |       |       |       ||     1
 Invoke: Line Pass         |       |       |       |     8 |     8 |       ||    16
         Stomp             |       |       |       |       |     1 |       ||     1
         Grand Finale      |       |       |       |       |     2 |     1 ||     3
  Evoke: Wand              |       |       |     7 |     3 |    34 |     1 ||    45
    Use: Scroll            |       |       |    12 |     6 |    16 |     3 ||    37
         Potion            |       |       |       |     1 |     8 |     1 ||    10
   Stab: Paralysed         |       |       |    22 |    33 |   103 |     4 ||   162
         Held in net/web   |       |       |     2 |     3 |       |       ||     5
         Sleeping          |       |       |     1 |       |     1 |       ||     2
         Confused          |       |       |       |     2 |     4 |       ||     6
 Armour: Leather armour    |    31 |       |       |       |       |       ||    31
         Ring mail         |    34 |    66 |    53 |   144 |   679 |    57 ||  1033
         Robe              |       |       |   116 |   131 |       |       ||   247
  Dodge: Dodged            |    56 |    80 |   273 |   426 |   908 |    43 ||  1786
  Block: Buckler           |       |       |       |   330 |  1117 |    41 ||  1488
         Reflection        |       |       |       |     1 |    39 |       ||    40
